AoeStats
← darador86

Fortress

510445350Analyzed
1v1 RM · 2d ago on Oct 1, 2026· 38m 27s· 2 players
Game mode
Random Map
Map size
Small (3 player)
Population
200
Speed
Normal
Resources
Standard
Victory
Conquest
Starting age
Dark Age
Ending age
Imperial Age
RankedLock teamsTeams togetherTeam positionsShared explorationLock speedFull tech treeHidden civsTurbo modeCheats
Victory
Defeat
🇦🇷 Bengalis · Argentina
509
+19
🇺🇸 Maya · United States
573
-19
darador86
8:39 Feudal Age
9:49 Double-Bit Axe
9:47 Horse Collar
10:02 Gold Mining
10:03 Stone Mining
15:35 Castle Age
14:24 Town Watch
15:16 Wheelbarrow
17:04 Bow Saw
16:56 Heavy Plow
17:15 Husbandry
17:41 Bloodlines
18:26 Squires
17:47 Pikeman
21:56 Scale Barding Armor
22:51 Gold Shaft Mining
24:10 Loom
28:10 Imperial Age
26:57 Elite Skirmisher
30:04 Hand Cart
29:50 Town Patrol
30:59 Fletching
31:13 Padded Archer Armor
31:25 Forging
31:16 Scale Mail Armor
32:16 Ballistics
32:11 Masonry
31:57 Murder Holes
32:54 Bodkin Arrow
37:14 Chemistry
36:06 Elite Ratha (Ranged)
37:08 Conscription
thestarsarehigh
6:06 Feudal Age
4:55 Loom
10:06 Town Watch
11:03 Horse Collar
12:06 Fletching
13:08 Padded Archer Armor
13:38 Double-Bit Axe
13:47 Gold Mining
16:28 Wheelbarrow
20:33 Castle Age
20:44 Stone Mining
20:42 Crossbowman
21:32 Thumb Ring
21:38 Town Patrol
22:24 Thumb Ring
23:10 Bodkin Arrow
23:19 Heavy Plow
23:55 Pikeman
23:56 Eagle Warrior
24:39 Squires
26:55 Bow Saw
32:07 Fervor
32:31 Ballistics
32:26 Masonry
32:44 Scale Mail Armor
33:00 Leather Archer Armor
35:23 Fortified Wall
35:01 Treadmill Crane
37:12 Elite Skirmisher
38:37 Hul'che Javelineers
Connection lost

Rejoining the realm…

Still unreachable

The connection could not be restored.

Session expired

The server has moved on; the page needs a fresh start.